 Dungeon Crawl Stone Soup version 0.31-a0-175-g9f7f995f2b (webtiles) character file.

Game seed: 2882111929517987883

577 qw the Shooter (level 7, -2/43 HPs)
             Began as a Gargoyle Hunter on June 17, 2023.
             Was an Initiate of Okawaru.
             Engulfed by a steam dragon's steam (7 damage)
             ... on level 6 of the Dungeon.
             The game lasted 00:01:36 (4371 turns).

qw the Shooter (Gargoyle Hunter)                    Turns: 4371, Time: 00:01:37

Health: -2/43      AC: 17    Str: 15    XL:     7   Next: 35%
Magic:  7/7        EV: 11    Int:  9    God:    Okawaru [......]
Gold:   304        SH:  0    Dex: 15    Spells: 6/6 levels left

rFire   . . .        Y - +2 shortbow
rCold   x . .        (shield currently unavailable)
rNeg    + + .        h - +0 ring mail
rPois   inf          e - +1 helmet
rElec   +            (no cloak)
rCorr   .            m - +2 pair of gloves of Indomitability {rElec rC- rN+ Will+}
SInv    .            c - +1 pair of boots
Will    +....        i - amulet of regeneration
Stlth   +            (no ring)
HPRegen 1.07/turn    (no ring)
MPRegen 0.10/turn

%: no passive effects
@: no status effects
A: sickness immunity, AC +4, negative energy resistance 1, electricity
resistance, torment resistance 1, petrification resistance
a: Renounce Religion


You were on level 6 of the Dungeon.
You worshipped Okawaru.
Okawaru was noncommittal.
You visited 2 branches of the dungeon, and saw 7 of its levels.
You also visited: Sewer.

You collected 304 gold pieces.


Innate Abilities, Weirdness & Mutations

You are immune to sickness and miasma.
Your stone body is resilient. (AC +4)
You are immune to poison.
You resist negative energy. (rN+)
You are resistant to electric shocks. (rElec)
You are resistant to unholy torment.
You are immune to petrification.


   Skills:
 - Level 4.0 Fighting
 + Level 7.4 Ranged Weapons
 - Level 3.2 Armour
 - Level 1.5 Dodging
 - Level 1.1 Stealth


You had 6 spell levels left.
You didn't know any spells.
Your spell library was empty.

Inventory:

Hand Weapons
 Y - a +2 shortbow (weapon)
Armour
 c - a +1 pair of boots (worn)
 e - a +1 helmet (worn)
 f - a +0 pair of gloves
 h - a +0 ring mail (worn)
 m - the +2 pair of gloves of Indomitability (worn) {rElec rC- rN+ Will+}
   (You acquired it on level 4 of the Dungeon)

   rC:        It makes you vulnerable to cold.
   rElec:     It insulates you from electricity.
   rN:        It protects you from negative energy.
   Will:      It increases your willpower.
Jewellery
 a - a ring of ice
 i - an amulet of regeneration (around neck)
Scrolls
 g - a scroll of identify
Potions
 b - 2 potions of lignification
 d - 3 potions of curing
 j - a potion of heal wounds {unknown}
 k - a potion of might {unknown}
 l - a potion of enlightenment {unknown}
 n - a potion of invisibility {unknown}

Dungeon Overview and Level Annotations

Branches:
Dungeon (6/15)             Temple (1/1) D:5           Sewer (visited)

Altars:
Ashenzari
Cheibriados
Dithmenos
Fedhas
Gozag
Nemelex Xobeh
Okawaru
Ru
Sif Muna
Trog
Uskayaw
Vehumet
Wu Jian
Xom
Yredelemnul
The Shining One

Annotations:
D:2 1 runed translucent door, Crazy Yiuf
D:3 3 runed translucent doors, qw's ghost, amateur GrFi


Message History

You are engulfed in a cloud of scalding steam.
You shoot an arrow. The arrow hits the bullfrog.
The bullfrog is moderately wounded.
The bullfrog hits you but does no damage. x2
You shoot an arrow. The arrow hits the bullfrog.
The bullfrog is moderately wounded.
The bullfrog misses you.
You shoot an arrow. The arrow hits the bullfrog.
The bullfrog is moderately wounded.
The bullfrog hits you. The ogre barely misses you.
The bullfrog hits you but does no damage.
The steam dragon bites you but does no damage.
The steam dragon closely misses you.
You shoot an arrow. The arrow hits the bullfrog.
The bullfrog is heavily wounded.
The bullfrog barely misses you. The ogre hits you but does no damage.
The bullfrog hits you but does no damage.
The steam dragon breathes steam at you.
The ball of steam hits you but does no damage.
You shoot an arrow. The arrow hits the bullfrog!
The bullfrog is almost dead.
The bullfrog hits you but does no damage.
The steam dragon bites you but does no damage.
The steam dragon barely misses you.
The ogre is engulfed in a cloud of scalding steam.
The ogre hits you with a +0 giant club!
A hound comes into view.
You shoot an arrow. The arrow hits the bullfrog!
You kill the bullfrog!
Okawaru accepts your kill. The steam dragon barely misses you.
The steam dragon claws you.
You shoot an arrow. The arrow hits the ogre!
The ogre is severely wounded.
The ogre barely misses you. The steam dragon breathes steam at you.
The ball of steam hits you!
You shoot an arrow. The arrow hits the ogre.
The ogre is severely wounded.
You are engulfed in a cloud of scalding steam.
You die...

........ #
....... #.
#.....# #..
#.....#
##..##.....#
...........#
...h...OD>.#
#%@#
###¤<##+##.#
#..........#
#¤.........+
##...##..###
##+## #+#


You could see a steam dragon, an ogre and a hound.

Vanquished Creatures
  A water moccasin (Sewer)
  A black bear (D:5)
  A bullfrog (D:6)
  A hound (D:5)
  A jelly (D:4)
  2 sleepcaps
  Natasha (thrice) (D:3)
  Robin (D:4)
  An adder (D:3)
  An ufetubus (D:6)
  2 worms
  2 dart slugs (D:3)
  6 orcs
  9 endoplasms
  4 giant cockroaches
  10 goblins
  10 hobgoblins
  A jackal (Sewer)
  10 kobolds
  2 quokkas (D:2)
  6 ball pythons
  3 bats
  5 frilled lizards
  9 rats
92 creatures vanquished.

Notes
Turn   | Place    | Note
-------+----------+-------------------------------------------
     0 | D:1      | qw the Gargoyle Hunter began the quest for the Orb.
     0 | D:1      | Reached XP level 1. HP: 12/12 MP: 1/1
     0 | D:1      | 0 ||| qw: Version: 0.3-a-2-g5ab2908
     0 | D:1      | 0 ||| qw: Game counter: 315
     0 | D:1      | 0 ||| qw: Always use a shield: true
     0 | D:1      | 0 ||| qw: God list: Okawaru
     0 | D:1      | 0 ||| qw: Allow faded altars: false
     0 | D:1      | 0 ||| qw: Do Orc after D:15 true
     0 | D:1      | 0 ||| qw: Do second Lair branch before Depths: true
     0 | D:1      | 0 ||| qw: Lair rune preference: random
     0 | D:1      | 0 ||| qw: Plans: Normal, Zot:1-4, Slime:5, God:TSO, Crypt,
                  | Tomb, Abyss, Pan, Hells, Win
     0 | D:1      | 0 ||| PLANNING D:1-11
   158 | D:1      | Reached XP level 2. HP: 17/17 MP: 2/2
   624 | D:1      | 624 ||| UPGRADING to +0 ring mail.
   634 | D:1      | 634 ||| DROPPING +0 leather armour.
   635 | D:1      | 635 ||| UPGRADING to amulet of regeneration.
   640 | D:1      | 640 ||| READING scroll labelled GEGUBY BUSINEPAJO.
   645 | D:1      | 645 ||| READING 2 scrolls labelled TUEMIMP ALEADA.
   646 | D:1      | 646 ||| READING scroll labelled YWAHUC MACE.
   647 | D:1      | 647 ||| DRINKING 2 clear potions.
   648 | D:1      | 648 ||| DROPPING scroll of butterflies.
   649 | D:1      | 649 ||| DROPPING potion of brilliance.
   703 | D:2      | Reached XP level 3. HP: 21/21 MP: 3/3
   768 | D:2      | Reached skill level 1 in Armour
   815 | D:2      | Reached skill level 5 in Ranged Weapons
  1017 | D:2      | Found a runed translucent door.
  1018 | D:2      | Noticed Crazy Yiuf
  1376 | D:2      | 1376 ||| DROPPING amulet of guardian spirit.
  1377 | D:2      | 1377 ||| DROPPING amulet of the acrobat.
  1378 | D:2      | 1378 ||| DROPPING ring of magical power.
  1379 | D:2      | 1379 ||| READING scroll labelled ILLARE JAARONA.
  1380 | D:2      | 1380 ||| READING scroll labelled ZUS CILATEALU.
  1381 | D:2      | 1381 ||| READING 5 scrolls labelled WYANIA ISALIA.
  1382 | D:2      | 1382 ||| DRINKING 2 blue potions.
  1383 | D:2      | 1383 ||| DROPPING 4 scrolls of revelation.
  1384 | D:2      | 1384 ||| DROPPING potion of degeneration.
  1438 | D:3      | Found an opulent altar of Gozag.
  1471 | D:3      | Noticed Natasha
  1477 | D:3      | Killed Natasha
  1478 | D:3      | Reached skill level 3 in Fighting
  1478 | D:3      | Reached XP level 4. HP: 18/28 MP: 4/4
  1708 | D:3      | Found a shadowy altar of Dithmenos.
  1772 | D:3      | Found a runed translucent gate.
  1772 | D:3      | Found a runed translucent gate.
  1772 | D:3      | Found a runed translucent gate.
  1782 | D:3      | Noticed qw's ghost (amateur GrFi)
  1910 | D:3      | Found a shimmering altar of Xom.
  1911 | D:3      | Found a shimmering altar of Xom.
  1912 | D:3      | Found a shimmering altar of Xom.
  1913 | D:3      | Found a shimmering altar of Xom.
  1913 | D:3      | Found a shimmering altar of Xom.
  1913 | D:3      | Found a shimmering altar of Xom.
  1913 | D:3      | Found a shimmering altar of Xom.
  1914 | D:3      | Found a shimmering altar of Xom.
  1994 | D:3      | Noticed Natasha
  2004 | D:3      | Killed Natasha
  2005 | D:3      | Reached XP level 5. HP: 26/32 MP: 5/5
  2210 | D:3      | Noticed Natasha
  2214 | D:3      | Killed Natasha
  2323 | D:3      | 2323 ||| UPGRADING to +0 pair of boots.
  2328 | D:3      | 2328 ||| READING scroll of enchant armour.
  2328 | D:3      | 2328 ||| ENCHANTING +0 pair of boots.
  2329 | D:3      | 2329 ||| READING scroll labelled NUS JOMYHYGRA.
  2330 | D:3      | 2330 ||| READING scroll labelled ZIMMEZX JEJEOXO.
  2331 | D:3      | 2331 ||| READING 5 scrolls of identify.
  2331 | D:3      | 2331 ||| IDENTIFYING bubbling dark potion
  2332 | D:3      | 2332 ||| READING 4 scrolls of identify.
  2332 | D:3      | 2332 ||| IDENTIFYING green potion
  2333 | D:3      | 2333 ||| DROPPING potion of ambrosia.
  2394 | D:4      | Reached skill level 6 in Ranged Weapons
  2509 | D:4      | Noticed Robin
  2520 | D:4      | Reached XP level 6. HP: 38/38 MP: 6/6
  2531 | D:4      | Killed Robin
  2586 | D:4      | Found a basalt altar of Yredelemnul.
  2998 | D:4      | Found a broken altar of Ashenzari.
  2999 | D:4      | 2999 ||| UPGRADING to +1 helmet.
  3004 | D:4      | 3004 ||| UPGRADING to +0 pair of gloves.
  3009 | D:4      | 3009 ||| READING scroll labelled ITHAQE HAIR.
  3009 | D:4      | Identified a scroll of acquirement
  3009 | D:4      | 3009 ||| ACQUIRING +2 pair of gloves of Indomitability
                  | {rElec rC- rN+ Will+}
  3009 | D:4      | Acquired the +2 pair of gloves of Indomitability {rElec rC-
                  | rN+ Will+}
  3011 | D:4      | 3011 ||| UPGRADING to +2 pair of gloves of Indomitability
                  | {rElec rC- rN+ Will+}.
  3021 | D:4      | 3021 ||| READING 3 scrolls of identify.
  3021 | D:4      | 3021 ||| IDENTIFYING fuming orange potion
  3022 | D:4      | 3022 ||| READING 2 scrolls of identify.
  3022 | D:4      | 3022 ||| IDENTIFYING lumpy yellow potion
  3023 | D:4      | 3023 ||| DROPPING potion of berserk rage.
  3027 | D:4      | Saw a vision of the Swamp and the Spider Nest.
  3027 | D:4      | Noticed a steelbarb worm
  3027 | D:4      | Noticed a steelbarb worm
  3027 | D:4      | Noticed a redback
  3027 | D:4      | Noticed a culicivora
  3027 | D:4      | Noticed a torpor snail
  3027 | D:4      | Noticed a tarantella
  3027 | D:4      | Noticed a jumping spider
  3027 | D:4      | Noticed a steelbarb worm
  3027 | D:4      | Noticed a culicivora
  3027 | D:4      | Noticed a wolf spider
  3027 | D:4      | Noticed a tarantella
  3027 | D:4      | Noticed a redback
  3027 | D:4      | Noticed a jumping spider
  3027 | D:4      | Noticed a bloated husk
  3027 | D:4      | Noticed a bog body
  3027 | D:4      | Noticed a tyrant leech
  3027 | D:4      | Noticed a bunyip
  3027 | D:4      | Noticed a swamp drake
  3027 | D:4      | Noticed a bog body
  3027 | D:4      | Noticed a demonic crawler
  3028 | D:4      | Noticed a boulder beetle
  3028 | D:4      | Noticed a bog body
  3028 | D:4      | Noticed a will-o-the-wisp
  3029 | D:4      | Noticed a tyrant leech
  3043 | D:5      | Entered Level 5 of the Dungeon
  3044 | D:5      | 3044 ||| PLANNING SEWER
  3257 | D:5      | Noticed a black bear
  3282 | D:5      | Killed a black bear
  3283 | D:5      | Reached skill level 3 in Armour
  3445 | D:5      | Found a glowing drain.
  3449 | D:5      | 3449 ||| Stepping ~*~*~tactically~*~*~ (water).
  3457 | Sewer    | Entered a sewer
  3465 | Sewer    | 3465 ||| Stepping ~*~*~tactically~*~*~ (water).
  3467 | Sewer    | 3467 ||| Stepping ~*~*~tactically~*~*~ (water).
  3480 | Sewer    | 3480 ||| READING scroll of enchant weapon.
  3480 | Sewer    | 3480 ||| ENCHANTING +1 shortbow.
  3522 | Sewer    | Noticed a water moccasin
  3531 | Sewer    | Killed a water moccasin
  3532 | Sewer    | Reached skill level 7 in Ranged Weapons
  3532 | Sewer    | Reached XP level 7. HP: 43/43 MP: 7/7
  3577 | D:5      | 3577 ||| PLANNING D:1-11
  3611 | D:5      | Found a staircase to the Ecumenical Temple.
  3612 | D:5      | 3612 ||| PLANNING TEMPLE
  3617 | Temple   | Entered the Ecumenical Temple
  3669 | Temple   | 3669 ||| PLANNING OKAWARU WORSHIP
  3801 | Temple   | Became a worshipper of Warmaster Okawaru
  3802 | Temple   | 3802 ||| PLANNING D:1-11
  4304 | D:5      | 4304 ||| READING scroll labelled NIASHR NUKHIOLE.
  4360 | D:6      | Noticed a steam dragon
  4370 | D:6      | HP: 5/43 [steam dragon/ball of steam (14)]
  4371 | D:6      | Engulfed by a steam dragon's steam

Levels and vault maps discovered:
D:1:      erik_arrival_triangle_medium, layout_basic
D:2:      layout_basic, minmay_misc_feat_nine_boxes, uniq_crazy_yiuf_cottage
D:3:      layout_loops_corners, nicolae_gozag_seed_capital, xom_redecorated,
          grunt_dithmenos_smoke_and_mirrors, ebering_ghost_rock_garden,
          serial_bayou, serial_bayou_pond_d, serial_bayou_pond_e,
          serial_bayou_ford_a, serial_bayou_shore_a, uniq_natasha
D:4:      layout_basic, grunt_ashenzari_visionary
          [grunt_ashenzari_visionary_swamp, grunt_ashenzari_visionary_spider],
          mainiacjoe_overflow_cross_hatched, serial_glass, glass_columns_b,
          glass_columns_a, glass_columns_a, glass_columns_b, item_on_display_a,
          item_on_display_a, feat_on_display, uniq_robin
D:5:      layout_basic, minmay_temple_entry_hall, cheibrodos_sewer_entry_sluice,
          kennysheep_nub, minivault_5
D:6:      layout_gridville, nicolae_the_louvre, uniq_sigmund
Temple:   grunt_temple_mini_profane

Skill      XL: |  1  2  3  4  5  6 |
---------------+-------------------+-----
Armour         | 1 3 |  3.2
Ranged Weapons | 5 6 7 |  7.4
Fighting       | 3 4 |  4.0
Dodging        | |  1.5
Stealth        | |  1.1

Action                     |  1- 3 |  4- 6 |  7- 9 || total
---------------------------+-------+-------+-------++-------
   Fire: Shortbow          |   104 |   187 |    15 ||   306
    Use: Scroll            |     6 |     9 |     1 ||    16
         Potion            |     2 |       |       ||     2
 Armour: Leather armour    |     5 |       |       ||     5
         Ring mail         |    15 |    81 |     9 ||   105
  Dodge: Dodged            |    11 |    85 |     8 ||   104

Table legend:
 A = Non-vault XP
 B = Vault XP
 C = Vault XP percentage of total XP
 D = Non-vault monster count
 E = Vault monster count
 F = Vault count percentage of total count
                 A         B        C        D         E       F
            +---------+---------+-------+---------+---------+-------
      Total |     605 |     220 |  26.7 |      75 |      17 |  18.5
            +---------+---------+-------+---------+---------+-------
        D:1 |      33 |       0 |   0.0 |      21 |       0 |   0.0
        D:2 |      35 |       0 |   0.0 |      21 |       0 |   0.0
        D:3 |     119 |      35 |  22.7 |      18 |       1 |   5.3
        D:4 |     102 |      33 |  24.4 |      10 |      11 |  52.4
        D:5 |     215 |       5 |   2.3 |       3 |       3 |  50.0
        D:6 |     101 |       0 |   0.0 |       2 |       0 |   0.0
      Sewer |       0 |     147 | 100.0 |       0 |       2 | 100.0
            +---------+---------+-------+---------+---------+-------
